 Dungeon Crawl Stone Soup version 0.22-a0-469-gf26638a (webtiles) character file.

195 DrEnzyme the Skirmisher (level 5, -1/36 HPs)
             Began as an Octopode Wanderer on June 11, 2018.
             Slain by Sigmund
             ... wielding a +0 scythe
              (11 damage)
             ... on level 4 of the Dungeon.
             The game lasted 00:12:15 (3610 turns).

DrEnzyme the Skirmisher (Octopode Wanderer)         Turns: 3610, Time: 00:12:16

Health: -1/36      AC:  1    Str: 13    XL:     5   Next: 74%
Magic:  9/9        EV: 13    Int: 11    God:
Gold:   149        SH:  4    Dex: 14    Spells: 10/10 levels left

rFire    + . .     SeeInvis .     - Unarmed
rCold    x . .     Gourm    .   l - +0 buckler
rNeg     + . .     Faith    .   (helmet restricted)
rPois    .         Spirit   .   (no amulet)
rElec    .         Reflect  .   b - ring of fire
rCorr    .         Harm     .   j - ring of positive energy
MR       .....                  (no ring)
Stlth    +++.......             (no ring)
HPRegen  0.12/turn              (no ring)
MPRegen  0.11/turn              (no ring)
                                (no ring)
                                (no ring)

@: no status effects
A: almost no armour, stealthy swim, amphibious, 8 rings, constrict 8, camouflage
1, gelatinous body 1
a: no special abilities


You were on level 4 of the Dungeon.
You were not hungry.

You visited 1 branch of the dungeon, and saw 4 of its levels.

You collected 149 gold pieces.

Inventory:

Hand Weapons
 a - a +0 shortbow
 r - a +1 dagger of flaming
Missiles
 c - 95 arrows
Armour
 l - a +0 buckler (worn)
 o - a +0 shield
Jewellery
 b - a ring of fire (left tentacle)
 j - a ring of positive energy (right tentacle)
 x - an uncursed amulet of faith
Wands
 u - a wand of digging (16)
 v - a wand of random effects (32)
Scrolls
 d - 3 scrolls of remove curse
 i - a scroll of identify
 n - a scroll of teleportation {unknown}
 p - a scroll of magic mapping {unknown}
 t - a scroll of blinking {unknown}
Potions
 e - a potion of might {unknown}
 g - a potion of agility {unknown}
 h - a potion of ambrosia {unknown}
 k - a potion of heal wounds {unknown}
 m - 2 potions of curing {unknown}
 q - a potion of haste {unknown}
 s - 2 potions of flight {unknown}
 w - a potion of invisibility {unknown}
Comestibles
 f - 3 rations


   Skills:
 + Level 3.3 Fighting
 - Level 1.2 Bows
 + Level 2.3 Dodging
 - Level 1.3 Stealth
 + Level 2.4 Shields
 + Level 2.4 Unarmed Combat
 - Level 3.1 Spellcasting
   Level 1.0 Transmutations
   Level 1.0 Fire Magic


You had 10 spell levels left.
You didn't know any spells.
Your spell library contained the following spells:

 Spells                   Type           Power        Failure   Level  Hunger
 Magic Dart               Conj           #...         32%         1    #......
 Conjure Flame            Conj/Fire      #.......     61%         3    ###....
 Slow                     Hex            #.......     43%         2    ###....
 Mephitic Cloud           Conj/Pois/Air  #.......     67%         3    ###....
 Blink                    Tloc           N/A          43%         2    ###....
 Call Imp                 Summ           #.......     43%         2    ###....
 Ignite Poison            Fire/Tmut/Pois #.......     58%         3    ###....
 Beastly Appendage        Tmut           #.....       22%         1    #......


Dungeon Overview and Level Annotations

Branches:
Dungeon (4/15)             Temple (0/1) D:4

Altars:
Hepliaklqana
Nemelex Xobeh
Qazlal
Uskayaw
Xom
Yredelemnul

Annotations:
D:3 exclusion: downstairs
D:4 Sigmund


Innate Abilities, Weirdness & Mutations

You cannot wear most types of armour.
You are very stealthy in the water. (Stealth+)
You are amphibious.
You can wear up to eight rings at the same time.
You can use your tentacles to constrict eight enemies at once.
Your skin changes colour to match your surroundings (Stealth+).
Your rubbery body absorbs attacks. (AC +1, EV +1)


Message History

You constrict Sigmund, but do no damage.
Sigmund barely misses you.
You tentacle-slap Sigmund.
Sigmund is lightly wounded.
You constrict Sigmund. You barely miss Sigmund.
Sigmund is moderately wounded.
You constrict Sigmund, but do no damage.
Sigmund closely misses you.
You tentacle-slap Sigmund. x2
Sigmund is moderately wounded.
You constrict Sigmund, but do no damage.
You block Sigmund's attack.
You tentacle-slap Sigmund but do no damage.
Sigmund is moderately wounded.
You constrict Sigmund. You barely miss Sigmund.
Sigmund is moderately wounded.
You constrict Sigmund. Sigmund hits you with a scythe!
You die...

#####.###### #.#.## #.# # #.#
#.#.# #.# ## #.# #.#.# #.# 8##
#.#### #.#.#######.# .8#
#....# #............ .8#
####.# ##.###### .# .8# #.#
#.# 8## ##†## ##.###### ##
##########..@####.........
#####............@.....#######
......########...##.####
####### ##.###.# #.# #.# #.#
#.. ... ..# ### ###


You could see Sigmund.

Vanquished Creatures
  An orc wizard (D:3)
  An orc priest (D:3)
  Ijyb (D:4)
  5 adders
  An adder skeleton (D:4)
  A worm (D:2)
  A dart slug (D:1)
  3 leopard geckos
  3 orcs
  A ball python (D:4)
  3 giant cockroaches (D:1)
  4 hobgoblins
  2 jackals (D:3)
  5 kobolds
  2 quokkas (D:3)
  7 bats
  5 frilled lizards
  6 goblins
  6 rats
58 creatures vanquished.

Vanquished Creatures (others)
  The ghost of mezmerelda the Covert, an amateur SpEn (D:4)
1 creature vanquished.

Grand Total: 59 creatures vanquished

Notes
Turn   | Place    | Note
-------+----------+-------------------------------------------
     0 | D:1      | DrEnzyme the Octopode Wanderer began the quest for the Orb.
     0 | D:1      | DrEnzyme set off with: a +0 shortbow, 26 arrows, a ration
     0 | D:1      | Reached XP level 1. HP: 14/14 MP: 4/4
   149 | D:1      | Reached XP level 2. HP: 19/19 MP: 6/6
   400 | D:1      | Reached skill level 1 in Unarmed Combat
   514 | D:1      | Reached skill level 1 in Dodging
   564 | D:1      | Reached XP level 3. HP: 21/25 MP: 7/7
   829 | D:2      | Found a hide-covered altar of Uskayaw.
   832 | D:2      | Noticed a hand axe
   832 | D:2      | Noticed a dagger
  1619 | D:3      | Reached XP level 4. HP: 12/30 MP: 8/8
  2276 | D:3      | Reached XP level 5. HP: 36/36 MP: 9/9
  2400 | D:3      | Found a hazy altar of Hepliaklqana.
  2400 | D:3      | Found a sparkling altar of Nemelex Xobeh.
  2400 | D:3      | Found a basalt altar of Yredelemnul.
  2462 | D:3      | Found a shimmering altar of Xom.
  2910 | D:4      | Killed mezmerelda's ghost
  2999 | D:4      | Noticed Ijyb
  3010 | D:4      | Killed Ijyb
  3216 | D:4      | Found a stormy altar of Qazlal.
  3303 | D:4      | Noticed an ogre
  3401 | D:4      | Noticed a phantom
  3532 | D:4      | Found a staircase to the Ecumenical Temple.
  3559 | D:4      | Noticed Sigmund
  3610 | D:4      | Slain by Sigmund

Vault maps used:
D:1:      minmay_arrival_loop
D:2:      dancing_weapons_uskayaw, serial_forest, infiniplex_forest_straight_2,
          infiniplex_forest_clump_small, infiniplex_forest_end_2,
          infiniplex_forest_side_room, infiniplex_forest_clump_long,
          infiniplex_forest_clump_large, infiniplex_forest_clump_curved,
          infiniplex_forest_clump_small
D:3:      xom_butterflies, gammafunk_temple_overflow_forgotten
D:4:      nicolae_qazlal_eye_of_the_storm, grunt_gozag_breadcrumbs,
          minmay_temple_entry_statues, first_ration, minivault_5,
          skrybe_limestone_x, uniq_sigmund, uniq_ijyb

Skill      XL: |  1  2  3  4  5 |
---------------+----------------+-----
Unarmed Combat | 1 2 |  2.4
Dodging        | 1 2 |  2.3
Fighting       | 3 |  3.3
Shields        | 2 |  2.4
Bows           | |  1.2
Stealth        | |  1.3
Spellcasting   | |  3.1
Transmutations | |  1.0
Fire Magic     | |  1.0

Action                   |  1- 3 |  4- 6 || total
-------------------------+-------+-------++-------
Melee: Unarmed           |    57 |    71 ||   128
       Constrict         |    19 |    20 ||    39
       Tentacles         |    14 |    17 ||    31
       Punch             |     1 |     3 ||     4
 Fire: Shortbow          |    32 |       ||    32
Evoke: Wand              |       |     1 ||     1
  Use: Scroll            |     2 |     1 ||     3
 Stab: Sleeping          |     7 |     2 ||     9
  Eat: Chunk             |     2 |     5 ||     7
       Ration            |       |     1 ||     1
Armor: Skin              |     9 |     4 ||    13
Dodge: Dodged            |    39 |    41 ||    80
Block: Buckler           |     7 |    11 ||    18

Table legend:
 A = Spawn XP
 B = Non-spawn XP
 C = Spawn XP percentage of total XP
 D = Spawn monster count
 E = Non-spawn monster count
 F = Spawn count percentage of total count
 G = Total turns spent on level
                    A         B        C        D         E        F      G
               +---------+---------+-------+---------+---------+-------+---------
         Total |       0 |     279 |   0.0 |       0 |      58 |   0.0 |  3610
               +---------+---------+-------+---------+---------+-------+---------
           D:1 |       0 |      36 |   0.0 |       0 |      21 |   0.0 |   680
           D:2 |       0 |      19 |   0.0 |       0 |      10 |   0.0 |  1315
           D:3 |       0 |     136 |   0.0 |       0 |      19 |   0.0 |   982
           D:4 |       0 |      88 |   0.0 |       0 |       8 |   0.0 |   633
               +---------+---------+-------+---------+---------+-------+---------
